 Dungeon Crawl Stone Soup version 0.26-a0-631-ged93497179 (webtiles) character file.

Game seed: 7448462136512093545

36 Peloso the Covered (level 3, 31/34 HPs)
             Began as a Deep Dwarf Fighter on Sept 13, 2020.
             Got out of the dungeon alive.
             The game lasted 00:01:57 (660 turns).

Peloso the Covered (Deep Dwarf Fighter)              Turns: 660, Time: 00:01:58

Health: 31/34      AC:  7    Str: 20    XL:     3   Next: 19%
Magic:  3/3        EV:  7    Int:  8    God:
Gold:   8          SH:  9    Dex: 12    Spells: 2/2 levels left

rFire    . . .     SeeInvis .   a - +0 long sword
rCold    . . .     Faith    .   c - +0 kite shield
rNeg     . . .     Spirit   .   b - +0 scale mail
rPois    .         Reflect  .   (no helmet)
rElec    .         Harm     .   (no cloak)
rCorr    .         Rampage  .   (no gloves)
MR       .....                  (no boots)
Stlth    ..........             (no amulet)
HPRegen  0.00/turn              (no ring)
MPRegen  0.08/turn              (no ring)

@: non-regenerating
A: damage resistance, heal wounds, sense surroundings 1, no regeneration
a: Heal Wounds


You escaped.
You visited 1 branch of the dungeon, and saw 1 of its levels.

You collected 8 gold pieces.

Inventory:

Hand Weapons
 a - a +0 long sword (weapon)
Armour
 b - a +0 scale mail (worn)
 c - a +0 kite shield (worn)
Scrolls
 e - a scroll of blinking {unknown}
 f - a scroll of fear {unknown}
 g - a scroll of identify {unknown}
 h - a scroll of enchant armour {unknown}
Potions
 d - a potion of might
 i - a potion of heal wounds {unknown}


   Skills:
 + Level 3.0 Fighting
 + Level 2.4 Long Blades
 + Level 3.8 Armour
 + Level 0.2 Dodging
 + Level 0.2 Stealth
 + Level 3.6 Shields


You had 2 spell levels left.
You didn't know any spells.
Your spell library was empty.

Dungeon Overview and Level Annotations

Branches:
Dungeon (1/15)

Altars:


Innate Abilities, Weirdness & Mutations

You are resistant to damage.
You can heal yourself by infusing magical energy.
You passively map a small area around you.
You do not regenerate.


Message History

Your shield prevents you from hitting the goblin.
The goblin hits you with a +0 club.
You barely miss the goblin. You block the goblin's attack.
The goblin hits you but does no damage.
You hit the goblin but do no damage. You block the goblin's attack.
You miss the goblin. The goblin hits you but does no damage.
You closely miss the goblin. You block the goblin's attack.
You hit the goblin.
You kill the goblin!
Things that are here:
a +0 club; a goblin corpse
i - a puce potion
(D) Dungeon
Where to? (? - help)
What level of the Dungeon? (default 1, ? - help)
You open the door.
There is an open door here.
There is a staircase leading out of the dungeon here.
Are you sure you want to leave the Dungeon?
This will make you lose the game!
You have escaped!

#...#######.......)###..# #>#.#
######.#.# #..# #.#.#
######.#.###..#
#.#.#######......#..(...######
#.#.........###..####........#
#.#.######### ##.#≈≈≈..#####.#
#.#.############'###≈≈.# #.#
#.#.##.).....##..'.###≈# ###.# ##
..#.†...#######.@#..##≈###...###.
†...[...# ####'#####...#.....
.####...# #...#≈⌠###....... .#
###.# ♣♣♣#.♣.#≈.# ##.###.. .# #.#
♣8♣#...#≈.# #.# #.. .# ####.##
#♣.♣###'#..# #.# #.. .# #....[#
#..........# #.# ##. .#
#.†...########.###### #.# #.
.###..#....#### #.# #.# #.


There were no monsters in sight!

Vanquished Creatures
  A dart slug (D:1)
  A leopard gecko (D:1)
  2 giant cockroaches (D:1)
  3 goblins (D:1)
  4 hobgoblins (D:1)
  7 jackals (D:1)
  2 bats (D:1)
  A frilled lizard (D:1)
  4 kobolds (D:1)
  3 rats (D:1)
28 creatures vanquished.

Notes
Turn   | Place    | Note
-------+----------+-------------------------------------------
     0 | D:1      | Peloso the Deep Dwarf Fighter began the quest for the Orb.
     0 | D:1      | Reached XP level 1. HP: 20/20 MP: 1/1
    96 | D:1      | Reached XP level 2. HP: 25/27 MP: 2/2
   430 | D:1      | Reached XP level 3. HP: 31/33 MP: 3/3
   660 | D:$      | Got out of the dungeon alive.

Illustrated notes

Levels and vault maps discovered:
D:1:      sevenhm_arrival_forest_fort_small_3, layout_loops_ring,
          grunt_decor_mini_mirrors, dk_noncrumbling_2

Skill      XL: |  1  2  3 |
---------------+----------+-----
Fighting       | 3 |  3.0
Long Blades    | |  2.4
Armour         | |  3.8
Dodging        | |  0.2
Stealth        | |  0.2
Shields        | |  3.6

Action                   || total
-------------------------++-------
Melee: Long sword        ||    75
Armor: Scale mail        ||    47
Dodge: Dodged            ||    29
Block: Kite shield       ||    36
       Rpst.: Long sword ||    12

Table legend: (Time is in decaauts)
 A = Elapsed time spent in this place.
 B = Non-inter-level travel time spent in this place.
 C = Inter-level travel time spent in this place.
 D = Time resting spent in this place.
 E = Time spent auto-exploring this place.
 F = Levels seen in this place.
 G = Mean time per level.
                   A        B        C        D        E       F      G
               +--------+--------+--------+--------+--------+-----+--------+
         Total |    687 |    657 |     30 |      0 |    458 |   1 |  687.0 |
       Dungeon |    687 |    657 |     30 |      0 |    458 |   1 |  687.0 |
               +--------+--------+--------+--------+--------+-----+--------+

Top non-repeatable levels by time:
     D:1: 687 daAuts
